Map: 이페머론 - 래더

Players

Stats

  • Race: Protoss Protoss
  • Spawn Location: 11:00

PartinG - Winner!

  • Race: Protoss Protoss
  • Spawn Location: 5:00

Event: IEM Katowice 2020

VOD

Have the link to the VOD?

Description

Time

  • Played on: Feb. 27, 2020, 7:54 a.m.
  • Length: 12:07

All games in this series

Show
View Real Time Build Order
Export as new Build Order

Stats Protoss 

Build Orders:  

Get SALT Encoding   

  12  0:00  Probe  
  13  0:13  Probe  
  14  0:17  Pylon  
  14  0:25  Probe (Chrono Boost)  
  15  0:37  Probe (Chrono Boost)  
  15  0:38  Gateway  
  16  0:45  Probe (Chrono Boost)  
  16  0:46  Assimilator  
  17  0:51  Probe  
  17  0:54  Assimilator  
  18  1:03  Probe (Chrono Boost)  
  19  1:08  Gateway  
  19  1:14  Probe (Chrono Boost)  
  20  1:19  Probe (Chrono Boost)  
  20  1:25  Cybernetics Core  
  21  1:29  Probe  
  22  1:33  Pylon  
  22  1:41  Probe  
  23  1:54  Probe  
  24  1:58  Warp Gate (Chrono Boost)  
  24  2:00  Stalker  
  26  2:01  Stalker  
  28  2:12  Pylon  
  28  2:13  Probe  
  29  2:30  Stalker  
  29  2:31  Stalker  
  33  2:45  Gateway  
  33  3:00  Pylon, Stalker  
  33  3:01  Stalker  
  37  3:26  Robotics Facility  
  36  3:39  Stalker  
  36  3:40  Stalker x2  
  36  4:07  Stalker x3  
  42  4:10  Immortal (Chrono Boost)  
  46  4:23  Pylon  
  46  4:28  Pylon  
  46  4:34  Shield Battery  
  46  4:49  Warp Prism  
  48  4:55  Sentry x2  
  52  5:03  Sentry  
  54  5:07  Pylon  
  54  5:18  Immortal (Chrono Boost)  
  54  5:25  Observer (Chrono Boost)  
  54  5:26  Adept x2  
  54  5:27  Zealot  
  61  5:36  Pylon  
  61  6:02  Adept  
  61  6:03  Adept x2  
  63  6:24  Adept x3  
  53  6:45  Adept x3  
  55  7:03  Nexus  
  55  7:08  Adept x2  
  53  7:12  Observer  
  45  7:19  Adept  
  37  7:30  Immortal (Chrono Boost)  
  37  7:36  Sentry x2  
  43  7:47  Sentry  
  45  7:51  Probe  
  46  7:59  Immortal (Chrono Boost)  
  46  8:03  Probe  
  51  8:20  Probe x2  
  53  8:28  Adept  
  53  8:29  Adept x2  
  58  8:37  Shield Battery  
  58  8:46  Shield Battery  
  58  8:53  Adept  
  60  9:06  Stalker  
  60  9:07  Stalker  
  63  9:19  Observer  
  63  9:20  Immortal (Chrono Boost)  
  63  9:23  Probe  
  68  9:37  Twilight Council  
  68  9:45  Adept x2  
  68  9:48  Adept  
  68  9:50  Probe  
  75  9:53  Probe  
  76  10:01  Stargate  
  76  10:08  Probe x2  
  76  10:09  Assimilator  
  77  10:21  Charge (Chrono Boost)  
  76  10:24  Probe x2  
  76  10:26  Assimilator  
  78  10:35  Zealot x3  
  84  10:40  Pylon  
  84  10:47  Phoenix  
  86  11:09  Probe  
  86  11:10  Probe  
  88  11:11  Assimilator  
  88  11:12  Phoenix  
  88  11:13  Pylon  
  90  11:22  Zealot x2  
  94  11:30  Zealot  
  78  11:45  Zealot x2  
  78  11:51  Zealot  
Show
View Real Time Build Order
Export as new Build Order

PartinG Protoss - Winner!

Build Orders:  

Get SALT Encoding   

  12  0:00  Probe  
  13  0:12  Probe  
  14  0:17  Pylon  
  14  0:24  Probe (Chrono Boost)  
  15  0:37  Probe (Chrono Boost), Gateway  
  16  0:45  Probe (Chrono Boost)  
  16  0:46  Assimilator  
  17  0:51  Probe  
  17  0:54  Assimilator  
  18  1:03  Probe (Chrono Boost)  
  19  1:08  Gateway  
  19  1:13  Probe (Chrono Boost)  
  19  1:17  Probe (Chrono Boost)  
  20  1:24  Cybernetics Core  
  21  1:29  Probe  
  22  1:33  Pylon  
  22  1:41  Probe  
  24  1:57  Warp Gate (Chrono Boost)  
  24  2:00  Stalker x2  
  28  2:06  Gateway  
  27  2:09  Probe  
  28  2:17  Pylon  
  28  2:29  Stalker  
  28  2:34  Stalker  
  31  2:54  Stalker  
  31  2:56  Pylon  
  33  3:13  Nexus  
  33  3:32  Stalker x2  
  37  3:37  Stalker  
  35  3:56  Stalker x2  
  35  4:00  Stalker  
  39  4:10  Robotics Facility  
  39  4:20  Stalker  
  41  4:25  Sentry x2  
  41  4:27  Probe (Chrono Boost)  
  41  4:31  Probe (Chrono Boost)  
  48  4:38  Phoenix  
  48  4:39  Probe (Chrono Boost)  
  48  4:42  Probe (Chrono Boost)  
  48  4:45  Probe (Chrono Boost)  
  50  4:46  Probe (Chrono Boost)  
  51  4:53  Probe  
  51  4:57  Probe  
  51  4:58  Sentry  
  56  5:02  Pylon  
  56  5:03  Pylon  
  55  5:12  Shield Battery  
  55  5:22  Immortal (Chrono Boost)  
  55  5:27  Sentry  
  61  5:31  Shield Battery  
  61  5:33  Shield Battery  
  61  5:40  Adept  
  63  5:44  Shield Battery  
  63  5:50  Warp Prism (Chrono Boost)  
  63  5:55  Stalker  
  67  6:01  Stalker  
  69  6:06  Pylon  
  69  6:13  Pylon  
  67  6:23  Adept  
  69  6:27  Adept  
  65  6:34  Immortal (Chrono Boost)  
  57  6:46  Stalker  
  57  6:48  Stalker  
  49  7:01  Immortal (Chrono Boost)  
  51  7:09  Stalker  
  43  7:22  Stalker  
  41  7:33  Probe x2  
  41  7:34  Stalker  
  41  7:36  Immortal (Chrono Boost)  
  49  7:49  Probe x2  
  51  7:52  Stalker  
  53  7:58  Stalker  
  53  8:02  Probe  
  53  8:04  Probe  
  57  8:09  Observer (Chrono Boost)  
  58  8:18  Probe x2  
  60  8:21  Pylon  
  60  8:25  Stalker  
  63  8:34  Probe x2  
  63  8:39  Stalker  
  65  8:55  Probe x2  
  67  9:01  Robotics Bay  
  67  9:03  Assimilator x2  
  67  9:10  Immortal (Chrono Boost)  
  67  9:16  Probe x2  
  73  9:25  Gateway  
  73  9:33  Probe x2  
  73  9:38  Pylon  
  75  9:42  Gateway  
  75  9:45  Pylon  
  75  9:47  Sentry  
  75  9:49  Pylon  
  78  9:58  Disruptor (Chrono Boost)  
  80  10:01  Stalker  
  82  10:23  Disruptor (Chrono Boost)  
  82  10:26  Stalker x3  
  91  10:30  Observer  
  91  10:33  Stalker  
  93  10:46  Stalker  
  93  10:47  Disruptor (Chrono Boost)  
  98  10:53  Stalker x2  
  96  11:07  Probe x2  
  98  11:12  Twilight Council  
  98  11:17  Stalker x2  
  96  11:49  Adept x2  
  96  11:50  Adept  
  96  11:53  Pylon  
  96  11:54  Pylon  
  102  11:57  Pylon  

Tags
 
Add a new tag
Caveats
  • Supply blocks, unpowered buildings, or Contaminate may cause inaccurate times.
  • Supply counts are checked every 10 seconds.